 Dungeon Crawl Stone Soup version 0.27-a0-1177-g245c70e1c0 (webtiles) character file.

Game seed: 12774056423573550534

19002 freelancePsychic the Grappler (level 12, -2/97 HPs)
             Began as a Ghoul Fighter on May 17, 2021.
             Was a High Priest of Hepliaklqana.
             Slain by Snorg (14 damage)
             ... on level 4 of the Lair of Beasts.
             The game lasted 00:52:38 (10312 turns).

freelancePsychic the Grappler (Ghoul Fighter)      Turns: 10312, Time: 00:52:38

Health: -2/97      AC: 37    Str: 24    XL:     12   Next: 64%
Magic:  0/11       EV:  7    Int:  4    God:    Hepliaklqana [*****.]
Gold:   788        SH: 11    Dex:  8    Spells: 11/11 levels left

rFire    x . .     SeeInvis .     - Unarmed
rCold    + . .     Faith    .   b - +0 kite shield
rNeg     + + +     Spirit   +   p - +12 crystal plate armour of Hadjma {rF- rN+ Regen+}
rPois    ∞         Reflect  .   n - +1 helmet
rElec    .         Harm     .   N - +0 cloak {Stlth+}
rCorr    .         Rampage  +   (no gloves)
Will     .....                  t - +1 pair of boots {rampage}
Stlth    ..........             C - amulet of guardian spirit
HPRegen  0.00/turn              z - +4 ring of evasion
MPRegen  0.12/turn              (no ring)

@: no status effects
A: reduced essence, claws 1, cold resistance 1, negative energy resistance 3,
inhibited regeneration, torment resistance 2
a: Renounce Religion, Recall Ancestor, Ancestor Identity, Transference, Idealise


You were on level 4 of the Lair of Beasts.
You worshipped Hepliaklqana.
Hepliaklqana was extremely pleased with you.
You visited 2 branches of the dungeon, and saw 14 of its levels.
You also visited: Gauntlet.

You collected 915 gold pieces.
You spent 127 gold pieces at shops.

Inventory:

Missiles
 u - 7 curare-tipped darts
 w - 45 poisoned darts
 F - 4 throwing nets
Armour
 b - a +0 kite shield (worn)
 n - a +1 helmet (worn)
 p - the +12 crystal plate armour of Hadjma (worn) {rF- rN+ Regen+}
   (You acquired it on level 6 of the Dungeon)

   It makes you vulnerable to fire.
   It protects you from negative energy.
   It increases your rate of health regeneration.
 t - a +1 pair of boots of rampaging (worn)
 N - a +0 cloak of stealth (worn)
Jewellery
 z - a +4 ring of evasion (left claw)
 C - an amulet of guardian spirit (around neck)
 D - a +6 ring of strength
 E - a ring of see invisible
 G - a ring of poison resistance
 H - a ring of willpower
 L - a ring of resist corrosion
 P - an amulet of faith
Wands
 a - a wand of iceblast (33)
 c - a wand of acid (6)
 x - a wand of polymorph (4)
 y - a wand of charming (19)
 K - a wand of paralysis (4)
Scrolls
 e - 2 scrolls of identify {@r1}
 f - 2 scrolls of blinking
 h - 5 scrolls of teleportation {@r4}
 m - 2 scrolls of silence
 r - 2 scrolls of amnesia
 s - 2 scrolls of fear
 A - a scroll of magic mapping
 I - a scroll of fog {unknown}
 J - a scroll of enchant weapon {unknown}
 M - a scroll of brand weapon {unknown}
 S - 4 scrolls of enchant armour
Potions
 d - 5 potions of curing {@q1}
 g - a potion of invisibility
 i - a potion of berserk rage {unknown}
 j - 2 potions of cancellation
 k - 3 potions of brilliance
 l - 2 potions of ambrosia
 o - 5 potions of flight
 q - 2 potions of might
 B - a potion of magic {unknown}
 O - a potion of attraction {unknown}
 Q - a potion of degeneration {unknown}
Miscellaneous
 v - a tin of tremorstones (inert)


   Skills:
 + Level 10.6 Fighting
 + Level 9.0 Armour
 + Level 9.0 Shields
 * Level 13.9 Unarmed Combat


You had 11 spell levels left.
You didn't know any spells.
Your spell library contained the following spells:

 Spells                   Type           Power      Damage    Failure   Level
 Animate Skeleton         Necr           0%         N/A       100%        1
 Corona                   Hex            0%         N/A       100%        1
 Freeze                   Ice            0%         1d3       100%        1
 Magic Dart               Conj           0%         1d3       100%        1
 Pain                     Necr           0%         1d4       100%        1
 Sandblast                Erth           0%         2d4       100%        1
 Shock                    Conj/Air       0%         1d3       100%        1
 Summon Small Mammal      Summ           0%         N/A       100%        1
 Call Imp                 Summ           0%         N/A       100%        2
 Ensorcelled Hibernation  Hex/Ice        0%         N/A       100%        2
 Passwall                 Tmut/Erth      0%         N/A       100%        2
 Searing Ray              Conj           0%         3d3       100%        2
 Static Discharge         Conj/Air       0%         N/A       100%        2
 Call Canine Familiar     Summ           0%         N/A       100%        3
 Confusing Touch          Hex            0%         N/A       100%        3
 Dazzling Flash           Conj/Hex       0%         N/A       100%        3
 Frozen Ramparts          Ice            0%         1d2       100%        3
 Ozocubu's Armour         Ice            0%         N/A       100%        3
 Stone Arrow              Conj/Erth      0%         3d7       100%        3
 Summon Guardian Golem    Hex/Summ       0%         N/A       100%        3
 Swiftness                Air            0%         N/A       100%        3
 Tukima's Dance           Hex            0%         N/A       100%        3
 Vampiric Draining        Necr           0%         2d6       100%        3
 Airstrike                Air            0%         N/A       100%        4
 Animate Dead             Necr           0%         N/A       100%        4
 Fulminant Prism          Conj/Hex       0%         3d6       100%        4
 Hailstorm                Conj/Ice       0%         3d3       100%        4
 Iskenderun's Mystic Bla  Conj/Tloc      0%         2d3       100%        4
 Petrify                  Tmut/Erth      0%         N/A       100%        4
 Summon Ice Beast         Ice/Summ       0%         N/A       100%        4
 Summon Lightning Spire   Summ/Air       0%         N/A       100%        4
 Agony                    Necr           0%         N/A       100%        5
 Lee's Rapid Deconstruct  Erth           0%         3d5*      100%        5
 Lightning Bolt           Conj/Air       0%         1d11      100%        5
 Metabolic Englaciation   Hex/Ice        0%         N/A       100%        5


Dungeon Overview and Level Annotations

Branches:
Dungeon (10/15)            Temple (0/1) D:6            Lair (4/6) D:8
  Snake (0/4) Lair:4      Gauntlet (visited)
  Swamp: Lair:2-4    Shoals: Lair:2-4       Orc: D:9-12

Altars:
Ashenzari
Dithmenos
Elyvilon
Gozag
Hepliaklqana
Makhleb
Nemelex Xobeh
Okawaru
Sif Muna
Trog
Wu Jian
Xom

Shops:
D:7 *   D:8 =   D:10 !*?

Annotations:
Lair:4 Snorg


Innate Abilities, Weirdness & Mutations

Your life essence is reduced to manifest your ancestor. (-10% HP)
You thrive by killing the living.
You are immune to poison.
You have sharp fingernails.
Your flesh is cold resistant. (rC+)
You are immune to negative energy. (rN+++)
You do not regenerate when monsters are visible.
You are immune to unholy pain and torment.


Message History

Snorg bites you. Snorg barely misses you. Snorg claws you but does no damage.
Ghoulbert closely misses Snorg.
A polar bear comes into view.
You scratch Snorg.
Snorg is heavily wounded.
You block Snorg's attack. Snorg claws you but does no damage. Snorg claws you!
Ghoulbert hits Snorg with a +0 quarterstaff!!
You barely miss Snorg.
Snorg is severely wounded.
Snorg bites you. You block Snorg's attack. Snorg claws you but does no damage.
Ghoulbert hits Snorg with a +0 quarterstaff.
Snorg bites you! Snorg claws you! Snorg claws you but does no damage.
You closely miss Snorg.
Snorg is severely wounded.
Snorg bites you but does no damage. Snorg claws you! You block Snorg's attack.
Ghoulbert hits Snorg with a +0 quarterstaff!
You claw Snorg!
Snorg is almost dead.
Snorg barely misses you. Snorg claws you. You block Snorg's attack.
Ghoulbert barely misses Snorg.
Your crystal plate armour of Hadjma prevents you from hitting Snorg.
Snorg is almost dead.
You block the bullfrog's attack. Snorg bites you but does no damage.
Snorg completely misses you. Snorg claws you but does no damage.
The bullfrog hits you but does no damage.
You block Snorg's attack. x2; Snorg claws you.
You mangle Snorg!!
Snorg is almost dead.
Ghoulbert barely misses Snorg.
The bullfrog hits you but does no damage.
Snorg bites you!!
* * * LOW HITPOINT WARNING * * *
Snorg claws you!
* * * LOW HITPOINT WARNING * * *
Snorg claws you but does no damage.
You scratch Snorg.
Snorg is almost dead.
You block the bullfrog's attack.
Ghoulbert closely misses Snorg.
Snorg bites you!
You die...

(.. ...## .. .<.... #.
.....# ##.# .....#.
.###P..##.......
.........h......
........F...............
.......@................
......TR........ .......
##.#.#.......#.. ......
#####.......# #....
##.####.....## #...
#P..##......## #...
##...........# ###..
#..##.......### #.#..
######.....##.# ##...


You could see the friendly Ghoulbert the battlemage, Snorg (berserk, ally
target), a polar bear and a bullfrog.

Vanquished Creatures
  Rupert (Lair:3)
  A minotaur (Gauntlet)
  A hydra (Lair:1)
  A boulder beetle (Lair:2)
  A necromancer (Gauntlet)
  A black mamba (Lair:3)
  A torpor snail (Gauntlet)
  Maggie (D:10)
  4 cane toads
  3 komodo dragons
  Prince Ribbit (D:8)
  A polar bear (Lair:4)
  A raiju (Gauntlet)
  3 blink frogs (Lair:4)
  A wyvern (Lair:4)
  2 yaks (D:9)
  A wraith (D:10)
  A basilisk (Lair:3)
  A naga (Lair:4)
  2 water moccasins
  A sky beast (D:8)
  5 orc warriors
  2 ice beasts (D:7)
  A black bear (D:5)
  8 wolves
  3 centaurs
  An ogre (D:4)
  A kobold brigand (D:10)
  5 bullfrogs
  A scorpion (D:5)
  A water moccasin zombie (D:6)
  A killer bee (D:10)
  3 wights
  2 howler monkeys (D:7)
  A centaur zombie (D:9)
  2 hounds
  A gnoll shaman (D:6)
  An iguana (D:4)
  2 lightning spires (Gauntlet)
  2 orc wizards
  2 howler monkey zombies
  Robin (D:4)
  A howler monkey skeleton (D:5)
  3 gnolls (D:6)
  2 adders
  2 white imps
  An ufetubus (D:4)
  A dart slug (D:4)
  13 orcs
  2 ball pythons
  8 endoplasms
  5 giant cockroaches
  8 goblins
  14 hobgoblins
  8 kobolds
  2 quokkas
  5 bats
  6 frilled lizards
  5 rats
162 creatures vanquished.

Vanquished Creatures (collateral kills)
  2 hydras (Lair:2)
  Harold (D:8)
  Maurice (D:9)
  2 cane toads (Lair:1)
  8 yaks
  An acid dragon (D:8)
  3 water moccasins
  An ice beast (D:7)
  2 sky beasts
  7 wolves
  A necrophage (D:6)
  2 kobold brigands
  2 bullfrogs
  A wight (D:6)
  3 killer bees (D:10)
  2 howler monkeys
  An electric eel (Lair:2)
  An orc priest (D:9)
  A centaur skeleton (D:7)
  3 orc wizards
  2 iguanas
  2 adders
  5 orcs
  2 goblins
  4 hobgoblins
  6 kobolds
66 creatures vanquished.

Vanquished Creatures (others)
  An ogre (D:6)
  5 battlemagi
  3 ancestors
  9 fungi
  8 plants
  14 withered plants (Gauntlet)
40 creatures vanquished.

Grand Total: 268 creatures vanquished

Notes
Turn   | Place    | Note
-------+----------+-------------------------------------------
     0 | D:1      | freelancePsychic the Ghoul Fighter began the quest for the
                  | Orb.
     0 | D:1      | Reached XP level 1. HP: 19/19 MP: 0/0
    98 | D:1      | Reached XP level 2. HP: 26/26 MP: 1/1
   783 | D:2      | Reached XP level 3. HP: 31/31 MP: 2/2
   843 | D:2      | Reached skill level 3 in Unarmed Combat
  1034 | D:2      | Found a faded altar of an unknown god.
  1628 | D:3      | Reached XP level 4. HP: 40/40 MP: 3/3
  1944 | D:3      | Found a hazy altar of Hepliaklqana.
  1955 | D:3      | Became a worshipper of Hepliaklqana the Forgotten
  2629 | D:4      | Reached * piety under Hepliaklqana
  2658 | D:4      | Noticed Robin
  3237 | D:4      | Killed Robin
  3242 | D:4      | Found an iron altar of Okawaru.
  3275 | D:4      | Reached XP level 5. HP: 41/41 MP: 4/4
  3295 | D:4      | Reached skill level 4 in Unarmed Combat
  3331 | D:4      | Found an opulent altar of Gozag.
  3331 | D:4      | Noticed an ogre
  3333 | D:4      | Found a sparkling altar of Nemelex Xobeh.
  3338 | D:4      | Killed an ogre
  3339 | D:4      | Reached XP level 6. HP: 47/47 MP: 5/5
  3705 | D:5      | Entered Level 5 of the Dungeon
  3823 | D:5      | Noticed a black bear
  3858 | D:5      | Killed a black bear
  3859 | D:5      | Reached skill level 5 in Unarmed Combat
  4324 | D:5      | Reached XP level 7. HP: 54/54 MP: 6/6
  4424 | D:5      | Found a shadowy altar of Dithmenos.
  4870 | D:5      | Reached skill level 5 in Fighting
  5166 | D:6      | Reached skill level 6 in Unarmed Combat
  5275 | D:6      | Identified a scroll of acquirement
  5276 | D:6      | Acquired the +12 crystal plate armour of Hadjma {rF- rN+
                  | Regen+}
  5324 | D:6      | Reached ** piety under Hepliaklqana
  5325 | D:6      | Remembered your ancestor Ghoulbert as a battlemage
  5330 | D:6      | Reached XP level 8. HP: 61/61 MP: 7/7
  5467 | D:6      | Found a staircase to the Ecumenical Temple.
  5530 | D:6      | Found a large runed translucent door.
  5534 | D:6      | Found a large runed translucent door.
  5575 | D:6      | Found a bloodstained altar of Trog.
  5628 | D:6      | Reached skill level 7 in Unarmed Combat
  5822 | D:6      | Found a shimmering blue altar of Sif Muna.
  5827 | D:6      | Reached skill level 5 in Armour
  5831 | D:6      | Found a burning altar of Makhleb.
  5874 | D:7      | Reached skill level 5 in Shields
  5922 | D:7      | Found Ihifrib's Assorted Antiques.
  5944 | D:7      | Found a broken altar of Ashenzari.
  5986 | D:7      | Reached skill level 8 in Unarmed Combat
  5986 | D:7      | Reached XP level 9. HP: 69/69 MP: 8/8
  6112 | D:7      | Identified the +1 hand crossbow of the Absolute Madman
                  | {elec, rElec Int+3 Dex-2}
  6214 | D:8      | Found a staircase to the Lair.
  6267 | D:8      | Reached skill level 9 in Unarmed Combat
  6272 | D:8      | Noticed Prince Ribbit
  6288 | D:8      | Noticed Harold
  6292 | D:8      | Killed Prince Ribbit
  6315 | D:8      | Killed Harold
  6316 | D:8      | Reached skill level 10 in Unarmed Combat
  6316 | D:8      | Reached XP level 10. HP: 60/79 MP: 7/9
  6633 | D:8      | Found Aliosk's Jewellery Emporium.
  7066 | D:9      | Noticed Maurice
  7075 | D:9      | Paralysed by something for 6 turns
  7095 | D:9      | Paralysed by something for 7 turns
  7098 | D:9      | Killed Maurice
  7158 | D:9      | Found a shimmering altar of Xom.
  7159 | D:9      | Found a shimmering altar of Xom.
  7159 | D:9      | Found a shimmering altar of Xom.
  7159 | D:9      | Found a shimmering altar of Xom.
  7164 | D:9      | Found an ornate altar of the Wu Jian Council.
  7257 | D:9      | Reached *** piety under Hepliaklqana
  7392 | D:10     | Entered Level 10 of the Dungeon
  7393 | D:10     | Found Bouscheac's Distillery.
  7427 | D:10     | Noticed Maggie
  7434 | D:10     | Killed Maggie
  7435 | D:10     | Reached skill level 11 in Unarmed Combat
  7691 | D:10     | Found Wapon's General Store.
  7697 | D:10     | Found Jenir's Magic Scroll Shop.
  7706 | D:10     | Bought a scroll of torment for 127 gold pieces
  7946 | Lair:1   | Entered Level 1 of the Lair of Beasts
  7977 | Lair:1   | Noticed a cane toad
  7986 | Lair:1   | Killed a cane toad
  7989 | Lair:1   | Reached XP level 11. HP: 85/85 MP: 10/10
  8225 | Lair:1   | Noticed a seven-headed hydra
  8234 | Lair:1   | Killed a seven-headed hydra
  8234 | Lair:1   | Noticed an eight-headed hydra
  8250 | Lair:2   | Reached skill level 12 in Unarmed Combat
  8339 | Lair:2   | Reached **** piety under Hepliaklqana
  8346 | Lair:2   | Noticed a five-headed hydra
  8360 | Lair:2   | Killed a five-headed hydra
  8408 | Lair:2   | Noticed a lindwurm
  8408 | Lair:2   | Noticed a lindwurm
  8409 | Lair:2   | Noticed a lindwurm
  8409 | Lair:2   | Noticed a lindwurm
  8441 | Lair:2   | Noticed a four-headed hydra
  8447 | Lair:2   | Noticed a boulder beetle
  8451 | Lair:2   | Killed a four-headed hydra
  8478 | Lair:2   | Killed a boulder beetle
  8787 | Lair:3   | Noticed Rupert
  8788 | Lair:3   | Paralysed by Rupert for 5 turns
  8802 | Lair:3   | Killed Rupert
  8803 | Lair:3   | Reached skill level 10 in Fighting
  8803 | Lair:3   | Reached skill level 13 in Unarmed Combat
  8803 | Lair:3   | Reached XP level 12. HP: 55/95 MP: 6/11
  8988 | Lair:3   | Found a gate leading to a gauntlet.
  8997 | Gauntlet | Entered a Gauntlet
  8997 | Gauntlet | Found a transporter.
  9024 | Gauntlet | Found a transporter.
  9039 | Gauntlet | Found a transporter.
  9041 | Gauntlet | Found a large runed translucent door.
  9042 | Gauntlet | Found a large runed translucent door.
  9043 | Gauntlet | Found a large runed translucent door.
  9043 | Gauntlet | Found a large runed translucent door.
  9043 | Gauntlet | Found a runed translucent door.
  9044 | Gauntlet | Found a transporter.
  9045 | Gauntlet | Found a runed translucent door.
  9046 | Gauntlet | Found a large runed translucent door.
  9046 | Gauntlet | Found a large runed translucent door.
  9047 | Gauntlet | Found a large runed translucent door.
  9048 | Gauntlet | Found a large runed translucent door.
  9054 | Gauntlet | Found a large runed translucent door.
  9054 | Gauntlet | Found a large runed translucent door.
  9055 | Gauntlet | Found a large runed translucent door.
  9055 | Gauntlet | Found a large runed translucent door.
  9056 | Gauntlet | Found a large runed translucent door.
  9056 | Gauntlet | Found a large runed translucent door.
  9057 | Gauntlet | Found a runed translucent gate.
  9057 | Gauntlet | Found a runed translucent gate.
  9057 | Gauntlet | Found a runed translucent gate.
  9059 | Gauntlet | Found a transporter.
  9062 | Gauntlet | Noticed a quicksilver ooze
  9069 | Gauntlet | Found a large runed translucent door.
  9070 | Gauntlet | Found a large runed translucent door.
  9078 | Gauntlet | Found a transporter.
  9090 | Gauntlet | Found a transporter.
  9093 | Gauntlet | Noticed a reaper
  9102 | Gauntlet | Found a transporter.
  9114 | Gauntlet | Found a transporter.
  9126 | Gauntlet | Found a transporter.
  9128 | Gauntlet | Noticed an entropy weaver
  9143 | Gauntlet | Found a transporter.
  9143 | Gauntlet | Found a transporter.
  9192 | Gauntlet | Found a transporter.
  9219 | Gauntlet | Found a transporter.
  9219 | Gauntlet | Found a transporter.
  9239 | Gauntlet | Found a transporter.
  9241 | Gauntlet | Found a transporter.
  9292 | Gauntlet | Found a transporter.
  9359 | Gauntlet | Identified the +2 helmet of Kocywueq {-Tele rPois Regen+
                  | Int+3}
  9434 | Gauntlet | Noticed a minotaur
  9460 | Gauntlet | Killed a minotaur
 10155 | Lair:4   | Reached ***** piety under Hepliaklqana
 10155 | Lair:4   | Found a staircase to the Snake Pit.
 10300 | Lair:4   | Noticed Snorg
 10312 | Lair:4   | Slain by Snorg

Illustrated notes

Levels and vault maps discovered:
D:1:      tarquinn_simple_flora_water_f, layout_basic
D:2:      minmay_razor_zed, layout_loops_ring,
          hellmonk_ecumenical_altar_arch_garden
D:3:      layout_basic, nzn_hepliaklqana_mist_gate, hangedman_decor_growths
D:4:      layout_rooms, grunt_temple_overflow_opulence, okawaru_gym_becter,
          uniq_robin
D:5:      layout_gridville, kennysheep_little_box, grunt_decor_cap
D:6:      layout_cave_pools, lemuel_doored_altar, jmf_multi_god_temple2,
          lightli_temple_of_fire, minmay_temple_entry_crystal_x,
          hangedman_decor_diamond_cutter, serial_bayou_pond_e
D:7:      layout_rooms, ashenzari_conservatory_becter, serial_shops, shop
D:8:      layout_basic, lair_entry_dummy, serial_shops, shop,
          uniq_prince_ribbit1, uniq_harold
D:9:      layout_basic, kennysheep_mini, xom_shifter_show, uniq_maurice
D:10:     layout_basic, serial_shops, nicolae_shop_trees, shop, shop,
          uniq_maggie
Lair:1:   layout_cave_pods, infiniplex_staircase_pool_2, grunt_megastairs_4,
          serial_bayou_shore_b
Lair:2:   layout_cave_pods, minmay_lindwurm_lava, lemuel_fruit_fields,
          infiniplex_staircase_pool
Lair:3:   layout_hall_layers, gauntlet_entry_generic, uniq_rupert
Lair:4:   layout_regular_city, minmay_swamp_entry_wisps,
          guppyfry_snake_entry_island, lemuel_fruit_fields, uniq_nessos,
          uniq_snorg

Skill      XL: |  1  2  3  4  5  6  7  8  9 10 11 12 |
---------------+-------------------------------------+-----
Unarmed Combat | 3 4 5 6 8 10 11 13 | 13.9
Armour         | 3 4 5 6 7 8 9 |  9.0
Shields        | 3 4 5 6 7 8 9 |  9.0
Fighting       | 4 5 6 7 8 10 | 10.6

Action                   |  1- 3 |  4- 6 |  7- 9 | 10-12 || total
-------------------------+-------+-------+-------+-------++-------
Melee: Unarmed           |   135 |   119 |   200 |   327 ||   781
Throw: Throwing net      |       |     1 |       |       ||     1
       Dart              |       |     8 |     4 |       ||    12
Invok: Recall Ancestor   |       |     5 |     1 |     1 ||     7
       Ancestor Identity |       |     1 |       |       ||     1
       Ancestor Life: Ba |       |       |     1 |       ||     1
Evoke: Wand              |       |       |     2 |     9 ||    11
       Tin of tremorston |       |       |       |     2 ||     2
  Use: Scroll            |     7 |     2 |     4 |     9 ||    22
       Potion            |       |       |       |     2 ||     2
 Stab: Distracted        |       |     1 |     1 |     5 ||     7
Armor: Scale mail        |    53 |    60 |    11 |       ||   124
       Crystal plate arm |       |       |    89 |   221 ||   310
Dodge: Dodged            |    43 |    39 |    31 |    69 ||   182
Block: Kite shield       |    61 |    63 |    94 |   167 ||   385

Table legend: (Time is in decaauts)
 A = Elapsed time spent in this place.
 B = Non-inter-level travel time spent in this place.
 C = Inter-level travel time spent in this place.
 D = Time resting spent in this place.
 E = Time spent auto-exploring this place.
 F = Levels seen in this place.
 G = Mean time per level.
                   A        B        C        D        E       F      G
               +--------+--------+--------+--------+--------+-----+--------+
         Total |  10361 |   9884 |    477 |   1603 |   6053 |  15 |  690.7 |
       Dungeon |   8012 |   7597 |    415 |   1436 |   4732 |  10 |  801.2 |
          Lair |   1797 |   1735 |     62 |     65 |   1149 |   4 |  449.2 |
      Gauntlet |    551 |    551 |      0 |    102 |    172 |   1 |  551.0 |
               +--------+--------+--------+--------+--------+-----+--------+

Top non-repeatable levels by time:
     D:2: 1327 daAuts
     D:5: 1162 daAuts
     D:3: 1073 daAuts
     D:4: 938 daAuts
     D:6: 765 daAuts
     D:8: 709 daAuts
     D:1: 662 daAuts
  Lair:3: 582 daAuts
Gauntlet: 551 daAuts
  Lair:2: 520 daAuts
    D:10: 510 daAuts
     D:9: 510 daAuts
  Lair:4: 400 daAuts
     D:7: 352 daAuts
  Lair:1: 295 daAuts
